Map: Dusk Towers

Players

LilDicky - Winner!

  • Race: Terran Terran
  • League: Diamond

Jocaur

  • Race: Protoss Protoss
  • League: Diamond

VOD

http://www.twitch.tv/tumescentpie

Description

Time

  • Played on: Dec. 10, 2015, 11:40 a.m.
  • Length: 6:28
Show
View Real Time Build Order
Export as new Build Order

LilDicky Terran - Winner!

Build Orders: MMM Bio 

Get SALT Encoding   

  12  0:01  SCV  
  13  0:13  SCV  
  14  0:18  Supply Depot  
  14  0:25  SCV  
  15  0:35  Refinery  
  15  0:41  SCV  
  16  0:45  Barracks  
  16  0:54  SCV  
  17  1:08  SCV  
  18  1:23  SCV  
  19  1:36  Factory  
  19  1:38  Marine  
  20  1:44  Supply Depot  
  20  1:46  Orbital Command  
  20  1:58  Marine  
  21  2:11  SCV  
  22  2:24  SCV  
  22  2:25  Barracks Reactor, Barracks x2  
  22  2:27  Refinery  
  23  2:36  SCV  
  24  2:41  Widow Mine  
  26  2:48  SCV  
  27  3:01  Supply Depot  
  27  3:04  Marine x2  
  29  3:10  Widow Mine  
  30  3:21  Barracks Tech Lab  
  30  3:22  SCV, Barracks Tech Lab  
  30  3:26  Supply Depot  
  31  3:27  Marine x2  
  33  3:47  Combat Shields, Stimpack, Marine  
  33  3:48  Marine x3  
  36  3:52  SCV  
  36  3:53  Starport  
  38  4:04  SCV  
  39  4:13  Supply Depot  
  39  4:16  SCV, Marine x4  
  44  4:28  SCV  
  43  4:45  Marine  
  43  4:46  Marauder x2, Medivac, Marine  
  43  4:47  SCV  
  43  4:51  Supply Depot  
  52  4:59  SCV  
  53  5:03  Marine x2  
  55  5:07  Concussive Shells  
  55  5:13  Marauder x2  
  59  5:21  Marine  
  58  5:28  Marine  
  58  5:29  Medivac  
  58  5:33  Supply Depot  
  58  5:35  Marauder  
  63  5:48  Marine  
  63  5:49  Hellion  
  66  6:02  Marine x2  
  66  6:03  Marauder  
  69  6:06  Marine  
Show
View Real Time Build Order
Export as new Build Order

Jocaur Protoss 

Build Orders: Nexus First 

Get SALT Encoding   

  12  0:01  Probe (Chrono Boost)  
  13  0:12  Probe (Chrono Boost)  
  14  0:18  Pylon  
  14  0:22  Probe (Chrono Boost)  
  15  0:36  Probe (Chrono Boost)  
  16  0:47  Probe (Chrono Boost)  
  17  1:04  Nexus  
  17  1:15  Gateway  
  17  1:17  Assimilator  
  17  1:20  Probe (Chrono Boost)  
  18  1:31  Probe (Chrono Boost)  
  19  1:37  Assimilator  
  19  1:42  Probe (Chrono Boost)  
  20  1:56  Probe (Chrono Boost)  
  20  1:57  Pylon  
  21  2:02  Zealot (Chrono Boost)  
  23  2:15  Cybernetics Core, Probe  
  24  2:18  Gateway  
  24  2:22  Probe  
  24  2:29  Zealot (Chrono Boost)  
  27  2:35  Probe  
  27  2:36  Probe  
  29  2:52  Mothership Core  
  29  2:54  Warp Gate (Chrono Boost)  
  29  2:55  Stalker  
  29  2:57  Probe  
  34  3:08  Probe  
  35  3:13  Probe  
  35  3:16  Pylon  
  27  3:26  Robotics Facility  
  27  3:32  Probe  
  28  3:38  Probe  
  29  3:46  Probe  
  28  3:49  Probe (Chrono Boost)  
  29  3:58  Probe (Chrono Boost)  
  29  4:01  Probe (Chrono Boost)  
  29  4:02  Pylon  
  31  4:09  Probe (Chrono Boost)  
  32  4:13  Observer (Chrono Boost)  
  33  4:21  Probe x2  
  35  4:32  Probe  
  35  4:33  Probe  
  37  4:46  Probe  
  37  4:52  Probe  
  38  4:59  Assimilator  
  39  5:03  Assimilator  
  39  5:05  Robotics Bay  
  39  5:08  Gateway  
  39  5:12  Probe  
  40  5:16  Forge  
  40  5:18  Warp Prism (Chrono Boost)  
  42  5:22  Probe  
  42  5:23  Adept  
  45  5:28  Probe  
  46  5:41  Adept  
  48  5:46  Adept  
  48  5:48  Probe x2  
  50  6:02  Pylon  
  48  6:05  Pylon  
  48  6:07  Stalker x2  
  48  6:09  Pylon  
  46  6:18  Pylon  
  46  6:20  Pylon  
Tags
 
Add a new tag
Caveats
  • Supply blocks, unpowered buildings, or Contaminate may cause inaccurate times.
  • Supply counts are checked every 10 seconds.